 Dungeon Crawl Stone Soup version 0.28-a0-1184-g53156a8862 (webtiles) character file.

Game seed: 7578848851792586237

105 ytrimaz the Insei (level 4, 0/29 HPs)
             Began as an Octopode Transmuter on Dec 18, 2021.
             Slain by a gnoll (9 damage)
             ... on level 2 of the Dungeon.
             The game lasted 00:02:04 (3263 turns).

ytrimaz the Insei (Octopode Transmuter)             Turns: 3263, Time: 00:02:04

Health: 0/29       AC:  1    Str:  9    XL:     4   Next: 83%
Magic:  4/8        EV: 13    Int: 17    God:
Gold:   76         SH:  0    Dex: 12    Spells: 2/8 levels left

rFire   . . .      SeeInvis .     - Unarmed
rCold   . . .      Faith    .   (no shield)
rNeg    . . .      Spirit   .   (helmet restricted)
rPois   .          Reflect  .   (no amulet)
rElec   .          Harm     .   (no ring)
rCorr   .          Rampage  .   (no ring)
Will    .....                   (no ring)
Stlth   ++........              (no ring)
HPRegen 0.09/turn               (no ring)
MPRegen 0.11/turn               (no ring)
                                (no ring)
                                (no ring)

@: wereblooded
A: almost no armour, amphibious, 8 rings, camouflage 1, gelatinous body 1,
(nimble swimmer 1), tentacles
a: no special abilities


You were on level 2 of the Dungeon.
You visited 1 branch of the dungeon, and saw 2 of its levels.

You collected 76 gold pieces.

Inventory:

Scrolls
 a - a scroll of teleportation {unknown}
Potions
 b - 2 potions of berserk rage {unknown}
 d - a potion of flight {unknown}


   Skills:
 * Level 1.8 Fighting
 - Level 2.0 Dodging
 + Level 3.7 Unarmed Combat
 * Level 2.8 Spellcasting
 * Level 3.1 Transmutations


You had 2 spell levels left.
You knew the following spells:

 Your Spells              Type           Power      Damage    Failure   Level
a - Beastly Appendage     Tmut           26%        N/A       4%          1
b - Wereblood             Tmut           13%        N/A       8%          2
c - Spider Form           Tmut/Pois      7%         N/A       28%         3

Your spell library contained the following spells:

 Spells                   Type           Power      Damage    Failure   Level
 Ice Form                 Ice/Tmut       7%         N/A       67%         4


Dungeon Overview and Level Annotations

Branches:
Dungeon (2/15)

Altars:

Shops:
D:1 ([(


Innate Abilities, Weirdness & Mutations

You cannot wear most types of armour.
You are amphibious.
You can wear up to eight rings at the same time.
Your skin changes colour to match your surroundings (Stealth+).
Your rubbery body absorbs attacks. (AC +1, EV +1)
((You are camouflaged near water. (Stealth+)))
You have tentacles for arms and can constrict up to eight enemies at once.


Message History

The dart slug launches a dart at you. The slug dart hits you.
The gnoll misses you.
You see here a +0 short sword.
You barely miss the gnoll. The dart slug launches a dart at you.
The slug dart hits you but does no damage.
The gnoll hits you with a +0 spear!
You hit the gnoll.
The gnoll is poisoned.
The gnoll is lightly wounded.
The gnoll completely misses you.
You bite the gnoll!
The gnoll is severely wounded.
The dart slug misses you. The gnoll completely misses you.
You bite the gnoll!
You feel a bit better.
You kill the gnoll!
The dart slug launches a dart at you. The slug dart misses you.
Your Transmutations skill increases to level 3!
You bite the frilled lizard!
You feel a bit better.
You kill the frilled lizard!
Your transformation has ended.
Unknown command.
You closely miss the gnoll. Your grab misses the gnoll. You squeeze the gnoll.
The gnoll is moderately wounded.
The gnoll hits you with a +0 flail. The dart slug launches a dart at you.
The slug dart hits you.
You are too injured to fight recklessly!
You are too injured to fight recklessly!
Unknown command.
You barely miss the gnoll. You grab the gnoll.
The gnoll is moderately wounded.
You constrict the gnoll, but do no damage.
The gnoll misses you. The dart slug bites you.
Unknown command.
You tentacle-slap the gnoll.
The gnoll is heavily wounded.
You constrict the gnoll. The gnoll hits you with a +0 flail!
You die...

###..# ##.#.....#..###
#..### ##.#..#..###.#.#
###..# ##.#..#.##..#...#
#..#####.#..#.##..###.##
###.)##.#..#.#####..#..#
#..##.#..#.##..#..###.#
###..#..#.##...###..#.#
#.....#.##).#..#..####
###..#.##w@.##.###..#
..#.##.g#..#..#..###
#..##...##.##.###..#
+.##..#. ..#..'...#
######## #######.## #.#
#.. ####


You could see a gnoll and a dart slug.

Vanquished Creatures
  2 gnolls (D:2)
  4 adders (D:2)
  3 endoplasms (D:1)
  7 goblins
  3 hobgoblins
  4 jackals (D:1)
  5 kobolds
  5 quokkas
  3 ball pythons
  2 bats (D:1)
  4 frilled lizards
  6 rats
48 creatures vanquished.

Notes
Turn   | Place    | Note
-------+----------+-------------------------------------------
     0 | D:1      | ytrimaz the Octopode Transmuter began the quest for the
                  | Orb.
     0 | D:1      | Reached XP level 1. HP: 13/13 MP: 3/3
   574 | D:1      | Found Uzung's Antique Weapon Emporium.
   608 | D:1      | Reached XP level 2. HP: 17/18 MP: 3/5
   634 | D:1      | Learned a level 2 spell: Wereblood
  1160 | D:1      | Found Ewnia's Weapon Shop.
  1447 | D:1      | Reached XP level 3. HP: 19/23 MP: 4/6
  1451 | D:1      | Learned a level 3 spell: Spider Form
  1518 | D:1      | Found Gukkeps's Armour Shop.
  2313 | D:2      | Reached XP level 4. HP: 6/29 MP: 6/8
  3263 | D:2      | Slain by a gnoll

Illustrated notes

Levels and vault maps discovered:
D:1:      mrwooster_arrival_statue, layout_loops_corners, serial_shops,
          nicolae_shop_advertising_works [nicolae_subvault_shop_adworks],
          nicolae_lakefront_shop, shop
D:2:      minmay_razor_zed, layout_basic, kennysheep_generic_room_15

Skill      XL: |  1  2  3  4 |
---------------+-------------+-----
Transmutations | 3 |  3.1
Fighting       | |  1.8
Dodging        | |  2.0
Unarmed Combat | |  3.7
Spellcasting   | |  2.8

Action                   |  1- 3 |  4- 6 || total
-------------------------+-------+-------++-------
Melee: Unarmed           |    90 |    33 ||   123
       Constrict         |    24 |     7 ||    31
       Kick              |    14 |     4 ||    18
       Tentacles         |    10 |     5 ||    15
       Punch             |     1 |       ||     1
 Cast: Beastly Appendage |    20 |     2 ||    22
       Spider Form       |       |     1 ||     1
       Wereblood         |       |     1 ||     1
  Use: Scroll            |     2 |       ||     2
       Potion            |       |     2 ||     2
 Stab: Sleeping          |     3 |     1 ||     4
Armor: Skin              |     4 |     1 ||     5
Dodge: Dodged            |    67 |    20 ||    87

Table legend: (Time is in decaauts)
 A = Elapsed time spent in this place.
 B = Non-inter-level travel time spent in this place.
 C = Inter-level travel time spent in this place.
 D = Time resting spent in this place.
 E = Time spent auto-exploring this place.
 F = Levels seen in this place.
 G = Mean time per level.
                   A        B        C        D        E       F      G
               +--------+--------+--------+--------+--------+-----+--------+
         Total |   3256 |   3224 |     32 |    454 |   2423 |   2 | 1628.0 |
       Dungeon |   3256 |   3224 |     32 |    454 |   2423 |   2 | 1628.0 |
               +--------+--------+--------+--------+--------+-----+--------+

Top non-repeatable levels by time:
     D:1: 1837 daAuts
     D:2: 1418 daAuts
